 Dungeon Sprint DCSS version 0.20.1-1-g8b1a95d (webtiles) character file.

43411 Kingsmith the Slayer (level 13, -10/145 HPs)
             Began as a Minotaur Fighter on Dec 13, 2017.
             Was the Champion of Jiyva.
             Killed from afar by a frost giant (53 damage)
             ... with a bolt of cold
             ... in the Dungeon (Sprint IX: "|||||||||||||||||||||||||||||").
             The game lasted 00:18:11 (2909 turns).

Kingsmith the Slayer (Minotaur Fighter)             Turns: 2909, Time: 00:18:12

Health: -10/145    AC: 26    Str: 22    XL:     13   Next: 90%
Magic:  12/12      EV: 22    Int:  6    God:    Jiyva [******]
Gold:   801        SH: 24    Dex: 17    Spells: 12/12 levels left

rFire    . . .     SeeInvis .   p - +2 scimitar (elec)
rCold    . . .     Gourm    .   D - +1 large shield
rNeg     . . .     Faith    .   E - +2 swamp dragon scales
rPois    +         Spirit   .   (helmet unavailable)
rElec    .         Reflect  .   x - +0 cloak
rCorr    +         Harm     .   y - +2 pair of gloves
MR       +....     NoTele   +   z - +1 pair of boots of Dishonour {rPois Int-3 Dex+4}
Stlth    +.........             (no amulet)
Regen    0.4/turn               C - ring of protection from magic
MPRegen  0.2/turn               s - +3 ring of intelligence

@: no status effects
A: retaliatory headbutt, horns 3, icy blue scales 1, blink, acidic bite,
gelatinous body 1, translucent skin 1, jelly absorbing missiles
a: Blink, Request Jelly, Slimify, Cure Bad Mutation, Renounce Religion


You were in the Dungeon.
You worshipped Jiyva.
Jiyva was exalted by your worship.
You were very full.

You visited 1 branch You collected 1270 gold pieces.
You spent 469 gold pieces at shops.

Inventory:

Hand Weapons
 a - a +0 scimitar of flaming
 p - a +2 scimitar of electrocution (weapon)
Armour
 x - a +0 cloak (worn)
 y - a +2 pair of gloves (worn)
 z - the +1 pair of boots of Dishonour (worn) {rPois Int-3 Dex+4}
   (You bought it in a shop in the Dungeon)

   It affects your intelligence (-3).
   It affects your dexterity (+4).
   It protects you from poison.
 D - a +1 large shield (worn)
 E - +2 swamp dragon scales (worn)
Jewellery
 q - an uncursed ring of protection from fire
 s - a +3 ring of intelligence (right hand)
 t - a +3 ring of dexterity
 A - an uncursed ring of ice
 B - an uncursed ring of fire
 C - a ring of protection from magic (left hand)
Wands
 o - a wand of iceblast (7/15)
Scrolls
 d - 3 scrolls of fog
 k - 4 scrolls of blinking
 m - 5 scrolls of remove curse
 n - 2 scrolls of amnesia
 F - a scroll of fear
Potions
 e - 6 potions of curing
 g - 6 potions of heal wounds
 h - a potion of haste
 i - 4 potions of magic
 j - a potion of berserk rage
 l - a potion of invisibility
 u - 3 potions of brilliance
Comestibles
 f - 14 bread rations
 v - 40 fruits
 w - 12 meat rations


   Skills:
 * Level 21.6 Fighting
 * Level 20.4 Long Blades
 * Level 19.6 Armour
 + Level 14.6 Dodging
 * Level 19.7 Shields


You had 12 spell levels left.
You didn't know any spells.

Dungeon Overview and Level Annotations

Branches:
Dungeon (1/1)

Altars:
Cheibriados
Dithmenos
Elyvilon
Fedhas
Gozag
Hepliaklqana
Kikubaaqudgha
Makhleb
Nemelex Xobeh
Okawaru
Qazlal
Ru
Sif Muna
Trog
Uskayaw
Vehumet
Xom
Yredelemnul
Zin
The Shining One
Beogh
Jiyva
Lugonu

Shops:
D *%[:


Innate Abilities, Weirdness & Mutations

You reflexively headbutt those who attack you in melee.
You have a pair of large horns on your head.
You are partially covered in icy blue scales. (AC +2)
You can translocate small distances at will.
You have acidic saliva.
Your rubbery body absorbs attacks. (AC +1, EV +1)
Your translucent skin slightly reduces your foes' accuracy. (Stealth)
You have a small jelly attached to you that may absorb incoming projectiles.


Message History

The battlesphere dissipates.
You start resting.
Jiyva gurgles merrily.
A frost giant comes into view. It is wielding a battleaxe of freezing.
You swap places.
You swap places.
The frost giant points at you and mumbles some strange words.
The bolt of cold hits the jelly.
The jelly dies!
A frost giant is nearby!
You swap places.
The frost giant misses you. You furiously retaliate!
You headbutt the frost giant!
You riposte.
You completely miss the frost giant. You headbutt the frost giant!
The frost giant is lightly wounded.
You hit the frost giant. You headbutt the frost giant.
The frost giant is moderately wounded.
The frost giant gestures at you while chanting.
The bolt of cold hits you!
You die...

* * ,, ,, , , , * * * ,
,, , ,
▓▓▓▓▓▓▓▓▓▓▓▓▓▓▓▓▓▓▓▓▓▓▓▓▓
▓............D..(.)..D...
▓.▓▓▓▓▓▓▓▓▓▓▓▓▓▓▓▓▓▓▓▓▓▓▓
▓.....)C@J...............
▓▓▓▓▓▓▓▓▓▓▓▓▓▓▓▓♣♣♣♣♣♣♣♣♣
▓...............'........
▓.▓▓▓▓▓▓▓▓▓▓▓▓▓▓♣♣♣♣♣♣♣♣♣
▓........................
▓▓▓▓▓▓▓▓▓▓▓▓▓▓▓▓▓▓▓▓▓▓▓▓▓
▓.........'.....).....)..
▓.▓▓▓▓▓▓▓▓▓▓▓▓▓▓▓▓▓▓▓▓▓▓▓
▓...............[........


You could see a frost giant and a neutral jelly (fellow slime).

Vanquished Creatures
  A sphinx (D)
  Frances (D)
  2 tengu reavers (D)
  A very ugly thing (D)
  2 stone giants (D)
  A spark wasp (D)
  A merfolk javelineer (D)
  Josephine (D)
  3 ettins (D)
  A hydra (D)
  A naga warrior (D)
  2 ice dragons (D)
  2 centaur warriors (D)
  A deep troll shaman (D)
  Erica (D)
  A death knight (D)
  An alligator (D)
  2 orc high priests (D)
  A vampire mage (D)
  Sonja (D)
  A naga sharpshooter (D)
  Nergalle (D)
  A sea snake (D)
  A swamp dragon (D)
  A spriggan druid (D)
  4 orc knights (D)
  A wolf spider (D)
  3 orc sorcerers (D)
  An orb spider (D)
  3 manticores (D)
  A cyclops (D)
  2 naga magi (D)
  5 black mambas (D)
  2 spiny frogs (D)
  A demonic crawler (D)
  A yaktaur (D)
  A merfolk (D)
  A meliai (D)
  A wind drake (D)
  2 hornets (D)
  A snapping turtle (D)
  2 blink frogs (D)
  A bog body (D)
  A wyvern (D)
  4 redbacks (D)
  2 yaks (D)
  5 wraiths (D)
  2 water elementals (D)
  A tarantella (D)
  Grum (D)
  A basilisk (D)
  2 wargs (D)
  An insubstantial wisp (D)
  A naga (D)
  A water moccasin (D)
  2 hell hounds (D)
  10 orc warriors (D)
  4 porcupines (D)
  A black bear (D)
  A necrophage (D)
  8 wolves (D)
  2 centaurs (D)
  2 crocodiles (D)
  3 big kobolds (D)
  A bullfrog (D)
  A howler monkey (D)
  A crimson imp (D)
  A hound (D)
  4 orc priests (D)
  5 orc wizards (D)
  A shadow imp (D)
  A dart slug (D)
  12 orcs (D)
  A bat (D)
  A bat skeleton (D)
  A giant cockroach (D)
  2 hobgoblins (D)
  A quokka (D)
  A quokka simulacrum (D)
  A rat (D)
155 creatures vanquished.

Vanquished Creatures (collateral kills)
  A storm dragon (D)
  A spriggan berserker (D)
  A deep troll earth mage (D)
3 creatures vanquished.

Vanquished Creatures (others)
  A great orb of eyes (D)
  A glowing orange brain (D)
  A moth of wrath (D)
  3 slime creatures (D)
  2 bullfrogs (D)
  A crimson imp (D)
  16 jellies (D)
25 creatures vanquished.

Grand Total: 183 creatures vanquished

Notes
Turn   | Place    | Note
-------+----------+-------------------------------------------
     0 | D        | Kingsmith the Minotaur Fighter began the quest for the Orb.
     0 | D        | Reached XP level 1. HP: 19/19 MP: 0/0
    24 | D        | Noticed an orc wizard
    24 | D        | Noticed a howler monkey
    26 | D        | Reached skill level 5 in Dodging
    26 | D        | Reached XP level 2. HP: 26/26 MP: 1/1
    34 | D        | Reached XP level 3. HP: 31/31 MP: 2/2
    40 | D        | Reached XP level 4. HP: 39/39 MP: 3/3
    49 | D        | Found a roughly hewn altar of Beogh.
    49 | D        | Found a snail-covered altar of Cheibriados.
    49 | D        | Found a shadowy altar of Dithmenos.
    49 | D        | Found a white marble altar of Elyvilon.
    49 | D        | Found a blossoming altar of Fedhas.
    49 | D        | Found an opulent altar of Gozag.
    50 | D        | Found a hazy altar of Hepliaklqana.
    51 | D        | Found a viscous altar of Jiyva.
    52 | D        | Found an ancient bone altar of Kikubaaqudgha.
    53 | D        | Found a corrupted altar of Lugonu.
    54 | D        | Found a burning altar of Makhleb.
    55 | D        | Found a sparkling altar of Nemelex Xobeh.
    56 | D        | Found an iron altar of Okawaru.
    57 | D        | Found a stormy altar of Qazlal.
    58 | D        | Found a sacrificial altar of Ru.
    59 | D        | Found a deep blue altar of Sif Muna.
    60 | D        | Found a bloodstained altar of Trog.
    61 | D        | Found a hide-covered altar of Uskayaw.
    62 | D        | Found a radiant altar of Vehumet.
    64 | D        | Found a shimmering altar of Xom.
    65 | D        | Found a basalt altar of Yredelemnul.
    66 | D        | Found a glowing silver altar of Zin.
    67 | D        | Found a glowing golden altar of the Shining One.
   161 | D        | Became a worshipper of Jiyva Jatasmea the Shapeless
   187 | D        | Reached * piety under Jiyva
   193 | D        | Reached ** piety under Jiyva
   195 | D        | Reached *** piety under Jiyva
   202 | D        | Gained mutation: You are resistant to hostile enchantments. (MR+) [Jiyva's grace]
   204 | D        | Reached **** piety under Jiyva
   204 | D        | Gained mutation: Your flesh is cold resistant. (rC+) [Jiyva's grace]
   204 | D        | Reached ***** piety under Jiyva
   204 | D        | Gained mutation: Your rubbery body absorbs attacks. (AC +1, EV +1) [Jiyva's grace]
   204 | D        | Gained mutation: You have an increased reservoir of magic. (+10% MP) [Jiyva's grace]
   207 | D        | Reached ****** piety under Jiyva
   207 | D        | Lost mutation: You are resistant to hostile enchantments. (MR+) [Jiyva's grace]
   217 | D        | Noticed a big kobold
   217 | D        | Noticed a necrophage
   217 | D        | Noticed a big kobold
   217 | D        | Noticed a big kobold
   229 | D        | Killed a big kobold
   229 | D        | Reached skill level 8 in Fighting
   229 | D        | Reached XP level 5. HP: 42/53 MP: 4/4
   234 | D        | Killed a necrophage
   234 | D        | Reached skill level 10 in Fighting
   238 | D        | Reached skill level 12 in Fighting
   238 | D        | Reached XP level 6. HP: 51/70 MP: 5/5
   252 | D        | Reached skill level 13 in Fighting
   259 | D        | Gained mutation: Your skin changes colour to match your surroundings (Stealth+). [Jiyva's grace]
   265 | D        | Gained mutation: Your spells are a little easier to cast, but a little less powerful. [Jiyva's grace]
   265 | D        | Lost mutation: You have an increased reservoir of magic. (+10% MP) [Jiyva's grace]
   266 | D        | Noticed a wyvern
   266 | D        | Noticed a death knight
   266 | D        | Noticed a cyclops
   272 | D        | Killed a wyvern
   272 | D        | Reached skill level 14 in Fighting
   272 | D        | Reached XP level 7. HP: 34/82 MP: 6/6
   274 | D        | Reached skill level 5 in Armour
   274 | D        | Reached skill level 5 in Shields
   283 | D        | Killed a death knight
   283 | D        | Reached XP level 8. HP: 32/90 MP: 7/7
   289 | D        | Killed a cyclops
   290 | D        | Gained mutation: You are agile. (Dex +2) [Jiyva's grace]
   291 | D        | Lost mutation: Your flesh is cold resistant. (rC+) [Jiyva's grace]
   295 | D        | Lost mutation: Your spells are a little easier to cast, but a little less powerful. [Jiyva's grace]
   555 | D        | Lost mutation: Your skin changes colour to match your surroundings (Stealth+). [potion of mutation]
   555 | D        | Lost mutation: Your rubbery body absorbs attacks. (AC +1, EV +1) [potion of mutation]
   555 | D        | Lost mutation: You are agile. (Dex +2) [potion of mutation]
   555 | D        | Gained mutation: Your skin changes colour to match your surroundings (Stealth+). [potion of mutation]
   555 | D        | Gained mutation: You have a somewhat thin skeletal structure. (Dex +2, Stealth) [potion of mutation]
   555 | D        | Gained mutation: Your mind is acute. (Int +2) [potion of mutation]
   556 | D        | Lost mutation: Your mind is acute. (Int +2) [potion of mutation]
   556 | D        | Lost mutation: You have a somewhat thin skeletal structure. (Dex +2, Stealth) [potion of mutation]
   556 | D        | Gained mutation: You are resistant to hostile enchantments. (MR+) [potion of mutation]
   556 | D        | Gained mutation: You are partially covered in molten scales. (AC +2) [potion of mutation]
   556 | D        | Gained mutation: You are highly resistant to hostile enchantments. (MR++) [potion of mutation]
   557 | D        | Lost mutation: You are highly resistant to hostile enchantments. (MR++) [potion of mutation]
   557 | D        | Gained mutation: You have sharp toenails. [potion of mutation]
   557 | D        | Gained mutation: You have a beak for a mouth. [potion of mutation]
   562 | D        | Noticed a blink frog
   562 | D        | Noticed an eight-headed hydra
   570 | D        | Noticed a black mamba
   571 | D        | Killed a blink frog
   581 | D        | Slimified an eight-headed hydra
   581 | D        | Noticed a slime creature
   581 | D        | an eight-headed hydra changed into a slime creature
   595 | D        | Killed a slime creature
   595 | D        | Reached XP level 9. HP: 22/96 MP: 4/8
   894 | D        | Killed a black mamba
   903 | D        | Gained mutation: You have acidic saliva. [Jiyva's grace]
   903 | D        | Lost mutation: You have acidic saliva. [Jiyva's grace]
   915 | D        | Lost mutation: You have a beak for a mouth. [Jiyva's grace]
   915 | D        | Gained mutation: You are agile. (Dex +2) [Jiyva's grace]
   919 | D        | Gained mutation: You are robust. (+10% HP) [Jiyva's grace]
   921 | D        | Noticed a spiny frog
   927 | D        | Noticed a spiny frog
   934 | D        | Reached skill level 15 in Fighting
   936 | D        | Killed a spiny frog
   942 | D        | Killed a spiny frog
   947 | D        | Reached XP level 10. HP: 73/115 MP: 9/9
   980 | D        | Gained mutation: You are covered in slimy tendrils that may disarm your opponents. [Jiyva's grace]
   980 | D        | Gained mutation: Your spells are a little harder to cast, but a little more powerful. [Jiyva's grace]
   980 | D        | Lost mutation: You are resistant to hostile enchantments. (MR+) [Jiyva's grace]
  1183 | D        | Gained mutation: You have acidic saliva. [Jiyva's grace]
  1197 | D        | Gained mutation: Your rubbery body absorbs attacks. (AC +1, EV +1) [Jiyva's grace]
  1203 | D        | Lost mutation: You have acidic saliva. [Jiyva's grace]
  1203 | D        | Gained mutation: You are partially covered in yellow scales. (AC +2) [Jiyva's grace]
  1208 | D        | Lost mutation: You have sharp toenails. [Jiyva's grace]
  1208 | D        | Lost mutation: Your skin changes colour to match your surroundings (Stealth+). [Jiyva's grace]
  1208 | D        | Gained mutation: Your translucent skin slightly reduces your foes' accuracy. (Stealth) [Jiyva's grace]
  1243 | D        | Noticed Grum
  1248 | D        | Reached skill level 10 in Dodging
  1251 | D        | Killed Grum
  1336 | D        | Gained mutation: You have a small jelly attached to you that senses nearby items. [Jiyva's grace]
  1339 | D        | Lost mutation: Your spells are a little harder to cast, but a little more powerful. [Jiyva's grace]
  1339 | D        | Gained mutation: Your flesh is cold resistant. (rC+) [Jiyva's grace]
  1340 | D        | Lost mutation: You are robust. (+10% HP) [Jiyva's grace]
  1340 | D        | Gained mutation: Scrolls take you a little longer to read. [Jiyva's grace]
  1347 | D        | Gained mutation: You possess an exceptional clarity of mind. [Jiyva's grace]
  1348 | D        | Reached skill level 16 in Fighting
  1355 | D        | Lost mutation: Your translucent skin slightly reduces your foes' accuracy. (Stealth) [Jiyva's grace]
  1355 | D        | Gained mutation: Your skin changes colour to match your surroundings (Stealth+). [Jiyva's grace]
  1365 | D        | Noticed an orc knight
  1369 | D        | Lost mutation: Scrolls take you a little longer to read. [Jiyva's grace]
  1369 | D        | Gained mutation: You have a pair of large horns on your head. [Jiyva's grace]
  1369 | D        | Gained mutation: You have a somewhat thin skeletal structure. (Dex +2, Stealth) [Jiyva's grace]
  1369 | D        | Lost mutation: You are agile. (Dex +2) [Jiyva's grace]
  1369 | D        | Lost mutation: You have a pair of large horns on your head. [Jiyva's grace]
  1374 | D        | Lost mutation: You have a somewhat thin skeletal structure. (Dex +2, Stealth) [Jiyva's grace]
  1374 | D        | Gained mutation: You are partially covered in rugged brown scales. (AC +1, +3% HP) [Jiyva's grace]
  1384 | D        | Gained mutation: You are resistant to hostile enchantments. (MR+) [Jiyva's grace]
  1384 | D        | Lost mutation: You have a small jelly attached to you that senses nearby items. [Jiyva's grace]
  1384 | D        | Lost mutation: You possess an exceptional clarity of mind. [Jiyva's grace]
  1384 | D        | Lost mutation: You are partially covered in rugged brown scales. (AC +1, +3% HP) [Jiyva's grace]
  1388 | D        | Killed an orc knight
  1403 | D        | Lost mutation: Your flesh is cold resistant. (rC+) [Jiyva's grace]
  1404 | D        | Gained mutation: You are surrounded by a mild repulsion field. (EV +2) [Jiyva's grace]
  1405 | D        | Lost mutation: Your skin changes colour to match your surroundings (Stealth+). [Jiyva's grace]
  1405 | D        | Lost mutation: You are resistant to hostile enchantments. (MR+) [Jiyva's grace]
  1406 | D        | Gained mutation: You have acidic saliva. [Jiyva's grace]
  1406 | D        | Gained mutation: You have sharp toenails. [Jiyva's grace]
  1408 | D        | Found Xoejy's General Store.
  1408 | D        | Noticed an orc knight
  1408 | D        | Noticed an orc knight
  1408 | D        | Noticed an orc sorcerer
  1408 | D        | Noticed an orc knight
  1409 | D        | Noticed an orc high priest
  1415 | D        | Noticed an orc sorcerer
  1417 | D        | Killed an orc knight
  1426 | D        | Killed an orc knight
  1426 | D        | Reached XP level 11. HP: 73/116 MP: 10/10
  1431 | D        | Killed an orc sorcerer
  1432 | D        | Found Jiud's Food Shoppe.
  1435 | D        | Killed an orc knight
  1435 | D        | Reached skill level 15 in Long Blades
  1454 | D        | Killed an orc high priest
  1454 | D        | Reached skill level 17 in Fighting
  1457 | D        | Killed an orc sorcerer
  1457 | D        | Gained mutation: You passively map a small area around you. [Jiyva's grace]
  1457 | D        | Gained mutation: Your system is resistant to poisons. (rPois) [Jiyva's grace]
  1457 | D        | Lost mutation: You have acidic saliva. [Jiyva's grace]
  1457 | D        | Lost mutation: You are partially covered in yellow scales. (AC +2) [Jiyva's grace]
  1457 | D        | Gained mutation: You do not regenerate when monsters are visible. [Jiyva's grace]
  1460 | D        | Found Jiclall's Antique Armour Emporium.
  1462 | D        | Lost mutation: You have sharp toenails. [Jiyva's grace]
  1462 | D        | Gained mutation: You are robust. (+10% HP) [Jiyva's grace]
  1462 | D        | Gained mutation: You have an increased reservoir of magic. (+10% MP) [Jiyva's grace]
  1464 | D        | Lost mutation: You do not regenerate when monsters are visible. [Jiyva's power]
  1466 | D        | Gained mutation: Your muscles are strong. (Str +2) [Jiyva's grace]
  1466 | D        | Gained mutation: You evolve. [Jiyva's grace]
  1467 | D        | Found Keamn's Book Shoppe.
  1469 | D        | Noticed an orc high priest
  1470 | D        | Bought a potion of heal wounds for 65 gold pieces
  1470 | D        | Bought a +2 pair of gloves for 214 gold pieces
  1470 | D        | Noticed an orc sorcerer
  1486 | D        | Killed an orc high priest
  1500 | D        | Killed an orc sorcerer
  1504 | D        | Bought a pair of steaming boots for 190 gold pieces
  1506 | D        | Gained mutation: You are agile. (Dex +2) [Jiyva's grace]
  1509 | D        | Gained mutation: Your translucent skin slightly reduces your foes' accuracy. (Stealth) [Jiyva's grace]
  1510 | D        | Gained mutation: Armour fits poorly on your pseudopods. [Jiyva's grace]
  1512 | D        | Gained mutation: Your translucent skin reduces your foes' accuracy. (Stealth) [Jiyva's grace]
  1526 | D        | Identified the +1 pair of boots of Dishonour {rPois Int-3 Dex+4} (You bought it in a shop in the Dungeon)
  1536 | D        | Gained mutation: You have a pair of large horns on your head. [Jiyva's grace]
  1590 | D        | Noticed Erica
  1597 | D        | Killed Erica
  1760 | D        | Lost mutation: Armour fits poorly on your pseudopods. [Jiyva's grace]
  1761 | D        | Gained mutation: You are partially covered in thin metallic scales. (AC +2) [Jiyva's grace]
  1764 | D        | Lost mutation: Your muscles are strong. (Str +2) [Jiyva's grace]
  1770 | D        | Gained mutation: You have large cloven feet. [Jiyva's grace]
  1773 | D        | Gained mutation: You have acidic saliva. [Jiyva's grace]
  1775 | D        | Gained mutation: You have a small jelly attached to you that senses nearby items. [Jiyva's grace]
  1780 | D        | Gained mutation: Your muscles are strong. (Str +2) [Jiyva's grace]
  1783 | D        | Gained mutation: Armour fits poorly on your pseudopods. [Jiyva's grace]
  1783 | D        | Gained mutation: You rapidly evolve. [Jiyva's grace]
  1784 | D        | Lost mutation: You rapidly evolve. [Jiyva's grace]
  1784 | D        | Lost mutation: You evolve. [Jiyva's grace]
  1784 | D        | Gained mutation: You are somewhat resistant to further mutation. [Jiyva's grace]
  1785 | D        | Gained mutation: You are covered in fur. (AC +1) [Jiyva's grace]
  1788 | D        | Gained mutation: You possess an exceptional clarity of mind. [Jiyva's grace]
  1800 | D        | Noticed a centaur warrior
  1808 | D        | Noticed an ettin
  1809 | D        | Gained mutation: You can translocate small distances at will. [Jiyva's grace]
  1810 | D        | Killed a centaur warrior
  1812 | D        | Lost mutation: Your muscles are strong. (Str +2) [Jiyva's grace]
  1813 | D        | Noticed a centaur warrior
  1820 | D        | Lost mutation: You have large cloven feet. [Jiyva's grace]
  1821 | D        | Noticed a vampire mage
  1821 | D        | Reached skill level 15 in Armour
  1821 | D        | Reached skill level 15 in Shields
  1821 | D        | Lost mutation: You are covered in fur. (AC +1) [Jiyva's grace]
  1824 | D        | Noticed a deep troll shaman
  1824 | D        | Killed an ettin
  1824 | D        | Reached skill level 18 in Fighting
  1827 | D        | Killed a centaur warrior
  1837 | D        | Lost mutation: You are agile. (Dex +2) [Jiyva's grace]
  1838 | D        | Lost mutation: You have a small jelly attached to you that senses nearby items. [Jiyva's grace]
  1838 | D        | Gained mutation: Your mind is acute. (Int +2) [Jiyva's grace]
  1841 | D        | Killed a vampire mage
  1848 | D        | Killed a deep troll shaman
  1848 | D        | Reached XP level 12. HP: 131/140 MP: 12/12
  1849 | D        | Noticed an ettin
  1850 | D        | Noticed an ettin
  1851 | D        | Gained mutation: You have a small jelly attached to you that may absorb incoming projectiles. [Jiyva's grace]
  1851 | D        | Lost mutation: Armour fits poorly on your pseudopods. [Jiyva's grace]
  1854 | D        | Killed an ettin
  1859 | D        | Killed an ettin
  1862 | D        | Lost mutation: You possess an exceptional clarity of mind. [Jiyva's grace]
  1862 | D        | Lost mutation: You have acidic saliva. [Jiyva's grace]
  1908 | D        | Noticed Sonja
  1918 | D        | Killed Sonja
  1921 | D        | Noticed Nergalle
  1928 | D        | Killed Nergalle
  1940 | D        | Gained mutation: Your natural rate of healing is unusually fast. [Jiyva's grace]
  1954 | D        | Lost mutation: Your system is resistant to poisons. (rPois) [Jiyva's grace]
  1954 | D        | Lost mutation: Your rubbery body absorbs attacks. (AC +1, EV +1) [Jiyva's grace]
  1962 | D        | Noticed Josephine
  1980 | D        | Killed Josephine
  1980 | D        | Reached skill level 19 in Fighting
  2031 | D        | Noticed an alligator
  2033 | D        | Killed an alligator
  2057 | D        | Lost mutation: You have a pair of large horns on your head. [Jiyva's grace]
  2064 | D        | Gained mutation: You are agile. (Dex +2) [Jiyva's grace]
  2064 | D        | Lost mutation: You are surrounded by a mild repulsion field. (EV +2) [Jiyva's grace]
  2065 | D        | Lost mutation: You passively map a small area around you. [Jiyva's grace]
  2065 | D        | Lost mutation: You are somewhat resistant to further mutation. [Jiyva's grace]
  2065 | D        | Gained mutation: You evolve. [Jiyva's grace]
  2070 | D        | Noticed a spark wasp
  2092 | D        | Killed a spark wasp
  2158 | D        | Lost mutation: You are robust. (+10% HP) [Jiyva's grace]
  2189 | D        | Lost mutation: You evolve. [Jiyva's grace]
  2189 | D        | Gained mutation: You are somewhat resistant to further mutation. [Jiyva's grace]
  2191 | D        | Gained mutation: You have a pair of large horns on your head. [Jiyva's grace]
  2191 | D        | Lost mutation: Your translucent skin reduces your foes' accuracy. (Stealth) [Jiyva's grace]
  2191 | D        | Lost mutation: You have an increased reservoir of magic. (+10% MP) [Jiyva's grace]
  2196 | D        | Noticed a merfolk javelineer
  2200 | D        | Lost mutation: You are somewhat resistant to further mutation. [Jiyva's grace]
  2216 | D        | Killed a merfolk javelineer
  2225 | D        | Lost mutation: Your natural rate of healing is unusually fast. [Jiyva's grace]
  2225 | D        | Lost mutation: You are partially covered in thin metallic scales. (AC +2) [Jiyva's grace]
  2226 | D        | Lost mutation: Your mind is acute. (Int +2) [Jiyva's grace]
  2226 | D        | Gained mutation: You are frail. (-10% HP) [Jiyva's grace]
  2227 | D        | Gained mutation: You are partially covered in icy blue scales. (AC +2) [Jiyva's grace]
  2228 | D        | Gained mutation: Your translucent skin reduces your foes' accuracy. (Stealth) [Jiyva's grace]
  2228 | D        | Gained mutation: Your rubbery body absorbs attacks. (AC +1, EV +1) [Jiyva's grace]
  2232 | D        | Reached skill level 20 in Fighting
  2232 | D        | Reached XP level 13. HP: 125/125 MP: 12/12
  2244 | D        | Lost mutation: You are covered in slimy tendrils that may disarm your opponents. [Jiyva's grace]
  2280 | D        | Lost mutation: You are frail. (-10% HP) [Jiyva's grace]
  2300 | D        | Lost mutation: You are partially covered in molten scales. (AC +2) [Jiyva's grace]
  2300 | D        | Lost mutation: You are agile. (Dex +2) [Jiyva's grace]
  2366 | D        | Noticed Frances
  2380 | D        | Killed Frances
  2511 | D        | Lost mutation: Your rubbery body absorbs attacks. (AC +1, EV +1) [Jiyva's grace]
  2511 | D        | Gained mutation: You have acidic saliva. [Jiyva's grace]
  2545 | D        | Noticed a stone giant
  2545 | D        | Noticed a cyan very ugly thing
  2545 | D        | Noticed a sphinx
  2545 | D        | Noticed a tengu reaver
  2545 | D        | Noticed a storm dragon
  2559 | D        | Killed a stone giant
  2566 | D        | Killed a cyan very ugly thing
  2571 | D        | Killed a sphinx
  2571 | D        | Reached skill level 21 in Fighting
  2579 | D        | Killed a tengu reaver
  2581 | D        | Noticed a stone giant
  2591 | D        | Killed a storm dragon
  2603 | D        | Killed a stone giant
  2862 | D        | Noticed a tengu reaver
  2870 | D        | Lost mutation: Your translucent skin reduces your foes' accuracy. (Stealth) [Jiyva's grace]
  2870 | D        | Gained mutation: Your rubbery body absorbs attacks. (AC +1, EV +1) [Jiyva's grace]
  2876 | D        | Killed a tengu reaver
  2902 | D        | Noticed a frost giant
  2909 | D        | Killed from afar by a frost giant

Skill      XL: |  1  2  3  4  5  6  7  8  9 10 11 12 13 |
---------------+----------------------------------------+-----
Dodging        | 5 7 9 10 12 13 14 | 14.6
Fighting       | 8 12 14 15 16 18 20 21 | 21.6
Armour         | 9 11 13 15 17 19 | 19.6
Shields        | 9 11 13 15 17 19 | 19.7
Long Blades    | 7 13 14 16 18 20 | 20.4

Action                   |  1- 3 |  4- 6 |  7- 9 | 10-12 | 13-15 || total
-------------------------+-------+-------+-------+-------+-------++-------
Melee: Long sword        |    22 |    40 |    16 |       |       ||    78
       Headbutt          |     5 |     7 |    21 |    97 |    44 ||   174
       Unarmed           |       |       |     7 |       |       ||     7
       Peck              |       |       |     8 |       |       ||     8
       Scimitar          |       |       |    38 |   335 |   129 ||   502
       Bite              |       |       |       |    13 |    16 ||    29
       Pseudopods        |       |       |       |    12 |       ||    12
Invok: Request Jelly     |       |     1 |     1 |     5 |     1 ||     8
       Slimify           |       |       |     1 |       |       ||     1
       Cure Bad Mutation |       |       |       |     3 |       ||     3
  Use: Potion            |     1 |       |     9 |     1 |     1 ||    12
       Scroll            |       |       |       |     2 |       ||     2
Armor: Scale mail        |     5 |       |       |       |       ||     5
       Chain mail        |       |    17 |    32 |    27 |       ||    76
       Swamp dragon scal |       |       |       |    11 |    20 ||    31
Dodge: Dodged            |    13 |    14 |    37 |    84 |    44 ||   192
Block: Shield            |       |    16 |    43 |    83 |       ||   142
       Large shield      |       |       |       |    98 |   104 ||   202
       Rpst.: Long sword |     5 |     5 |     3 |       |       ||    13
       Scimitar          |       |       |     2 |    22 |     8 ||    32
